 Dungeon Crawl Stone Soup version 0.28.0 (webtiles) character file.

Game seed: 13938316013877227519

22 spaghetti the Sneak (level 2, 0/24 HPs)
             Began as a Demonspawn Delver on Feb 18, 2022.
             Killed from afar by a white imp (8 damage)
             ... with a puff of frost
             ... on level 5 of the Dungeon.
             The game lasted 00:00:47 (418 turns).

spaghetti the Sneak (Demonspawn Delver)              Turns: 418, Time: 00:00:48

Health: 0/24       AC:  3    Str: 12    XL:     2   Next: 68%
Magic:  2/2        EV: 12    Int: 11    God:
Gold:   10         SH:  0    Dex: 14    Spells: 1/1 levels left

rFire   . . .      SeeInvis .     - Unarmed
rCold   . . .      Faith    .   (no shield)
rNeg    . . .      Spirit   .   a - +0 leather armour
rPois   .          Reflect  .   (no helmet)
rElec   .          Harm     .   (no cloak)
rCorr   .          Rampage  .   (no gloves)
Will    .....                   (no boots)
Stlth   +++.......              (no amulet)
HPRegen 0.08/turn               (no ring)
MPRegen 0.08/turn               (no ring)

@: no status effects
A: sturdy frame 1
a: no special abilities


You were on level 5 of the Dungeon.
You visited 1 branch of the dungeon, and saw 2 of its levels.

You collected 10 gold pieces.

Inventory:

Armour
 a - a +0 leather armour (worn)
Wands
 f - a wand of digging (3)
Scrolls
 b - a scroll of fog
 c - a scroll of magic mapping
 g - a scroll of enchant weapon {unknown}
Potions
 e - a potion of haste


   Skills:
 + Level 3.0 Fighting
 - Level 1.7 Dodging
 - Level 4.5 Stealth
 - Level 3.0 Unarmed Combat


You had one spell level left.
You didn't know any spells.
Your spell library was empty.

Dungeon Overview and Level Annotations

Branches:
Dungeon (6/15)
 Temple: D:4-7

Altars:


Innate Abilities, Weirdness & Mutations

Your movements are slightly less encumbered by armour. (ER -2)


Message History

You are too injured to fight recklessly!
You are too injured to fight recklessly!
You are too injured to fight recklessly!
You are too injured to fight recklessly!
You are too injured to fight recklessly!
You are too injured to fight recklessly!
You are too injured to fight recklessly!
You are too injured to fight recklessly!
You barely miss the white imp. The white imp puffs mist at you.
The white imp barely misses you.
You barely miss the white imp. The white imp closely misses you.
You hit the white imp but do no damage. The white imp hits you.
The white imp freezes you.
You hit the white imp but do no damage.
The white imp hits you but does no damage.
You hit the white imp but do no damage. The white imp gestures at you.
The puff of frost hits you.
* * * LOW HITPOINT WARNING * * *
As you read the scroll of fear, it crumbles to dust.
You assume a fearsome visage.
The white imp looks frightened!
There is a stone staircase leading down here.
You climb downwards.
There is a stone staircase leading up here.
Unknown command.
You start resting.
An adder comes into view.
You climb upwards.
There is a stone staircase leading down here.
Found 23 stones.
Found an escape hatch in the floor.
Found a leather armour.
You start resting.
A white imp is nearby!
The white imp gestures at you.
The puff of frost hits you but does no damage.
The white imp gestures at you. The puff of frost hits you!
You die...

.# .# .# .#
.# .#
######.#
#....@.#
#####..#
......#
#..##..[...#
#..##......#
#..##......#
#..##....(.#
#5.##.....>#
#..##......#
#..........#


You could see a white imp.

Vanquished Creatures
  A hound skeleton (D:5)
  An adder (D:5)
2 creatures vanquished.

Notes
Turn   | Place    | Note
-------+----------+-------------------------------------------
     0 | D:5      | spaghetti the Demonspawn Delver began the quest for the
                  | Orb.
     0 | D:5      | Reached XP level 1. HP: 18/18 MP: 1/1
    45 | D:5      | Noticed a water moccasin zombie
    87 | D:5      | Gained mutation: Your movements are slightly less
                  | encumbered by armour. (ER -2) [demonic ancestry]
    87 | D:5      | Reached XP level 2. HP: 17/24 MP: 2/2
   418 | D:5      | Killed from afar by a white imp

Illustrated notes

Levels and vault maps discovered:
D:5:      layout_basic, serial_co_window_serial, co_window_corner_a,
          co_window_of_opportunity_a, co_window_paths_a, co_window_paths_a,
          co_window_paths_a, co_window_cross_3, co_window_corner_cb,
          co_window_corner_b, co_window_of_opportunity_b, co_window_corner_b,
          glass_columns_b
D:6:      layout_basic, hangedman_decor_lopped, uniq_menkaure

Skill      XL: |  1  2 |
---------------+-------+-----
Unarmed Combat | 2 3 |  3.0
Fighting       | |  3.0
Dodging        | |  1.7
Stealth        | |  4.5

Action                   || total
-------------------------++-------
Melee: Unarmed           ||    23
  Use: Scroll            ||     1
       Potion            ||     1
 Stab: Sleeping          ||     1
Armor: Leather armour    ||     7
Dodge: Dodged            ||    10
